Capitals vs Canucks

Created - Friday, October 24, 2014 at 23:14

Goals
1 2 3 T
Capitals 0 1 0 1
Canucks 3 2 0 5
Shots
1 2 3 T
Capitals 9 17 13 39
Canucks 16 5 7 28

1st period

1. Canucks , James Wright 1 (Zack Kassian) at 2:27
2. Canucks , Mason Raymond 2 (Jared Cowen) at 7:01
3. Canucks , Christopher Tanev 3 (Cody Hodgson, Michael Grabner) at 18:24

Penalties :
James Wisniewski (Was) for Hooking (Minor) at 4:14, Tim Jackman (Was) for Holding (Minor) at 8:57, Victor Hedman (Van) for Holding (Minor) at 14:00

2nd period

4. Capitals , Lubomir Visnovsky 4 (Tim Jackman) at 1:40 (PP)
5. Canucks , Niklas Hjalmarsson 2 (Boyd Gordon) at 7:39 (SH)
6. Canucks , James Wright 2 (Andrei Markov, Boyd Gordon) at 8:16 (SH)

Penalties :
Ryane Clowe (Van) for Roughing (Minor) at 1:10, Willie Mitchell (Van) for Interference (Minor) at 7:31, Matt Beleskey (Was) for Interference (Minor) at 19:13

3rd period

No Goal

Penalties :
Andrei Markov (Van) for Tripping (Minor) at 12:52

Goalie Stats

Pekka Rinne (Was), 14 saves from 18 shots - (0.778), L, 2-3-0, 27:39 minutes
John Muse (Was), 9 saves from 10 shots - (0.900), 32:21 minutes
Ben Bishop (Van), 38 saves from 39 shots - (0.974), W, 6-2-0, 60:00 minutes

Players Stats for Capitals

Player Name              G  A  P  +/- PIM S  H  SB GA TA FO     MP     PP MP  PK MP  
------------------------------------------------------------------------------------
Adam Henrique            0  0  0  -3  0   6  2  1  1  0  1/2    22:59   2:45   4:31 
Alexander Urbom          0  0  0  -1  0   2  0  1  3  1  0/0    14:47   0:00   1:01 
Brandon Burlon           0  0  0   0  0   1  0  0  0  2  0/0     4:47   0:00   0:00 
Brett Sutter             0  0  0  -1  0   0  0  0  0  0  4/8    13:04   0:00   0:00 
Cory Emmerton            0  0  0   0  0   2  0  0  0  0  5/13   18:50   3:11   0:00 
Eric Gelinas             0  0  0  -2  0   0  1  2  0  2  0/0    19:46   2:24   2:10 
James Wisniewski         0  0  0  -3  2   5  3  1  2  2  0/0    26:14   4:03   2:46 
Justin Florek            0  0  0   0  0   0  1  2  0  0  0/0     8:35   0:00   0:22 
Keaton Ellerby           0  0  0  -2  0   0  0  1  1  1  0/0    19:46   2:24   2:10 
Linus Omark              0  0  0   0  0   4  2  1  1  1  0/0    16:54   0:31   0:00 
Lubomir Visnovsky        1  0  1  -2  0   7  0  2  1  0  0/0    21:41   4:03   3:47 
Luke Adam                0  0  0   0  0   0  2  0  0  0  0/3     7:48   0:00   0:00 
Mark Scheifele           0  0  0  -4  0   1  2  0  3  0  1/2    15:50   3:16   1:04 
Matt Beleskey            0  0  0  -2  2   4  3  1  1  0  0/1    18:54   3:11   1:04 
Stefan Matteau           0  0  0   0  0   2  1  1  0  0  0/0    14:26   0:00   0:00 
Steve Oleksy             0  0  0  -1  0   2  3  0  1  4  0/0    13:46   0:00   0:00 
Tim Jackman              0  1  1  -1  2   1  3  1  0  0  1/1    16:59   3:11   0:00 
Travis Zajac             0  0  0  -3  0   2  0  0  1  1  10/22  18:54   3:16   4:53 

Players Stats for Canucks

Player Name              G  A  P  +/- PIM S  H  SB GA TA FO     MP     PP MP  PK MP  
------------------------------------------------------------------------------------
Andrei Markov            0  1  1   2  2   1  1  6  1  2  0/0    25:48   4:04   2:47 
Boyd Gordon              0  2  2   3  0   0  0  1  0  1  9/15   16:33   0:00   5:20 
Brendan Gallagher        0  0  0   0  0   0  2  0  0  0  1/2    16:26   2:07   0:00 
Christopher Tanev        1  0  1   2  0   3  0  1  0  0  0/0    20:28   1:53   2:55 
Clarke MacArthur         0  0  0   0  0   1  2  0  5  0  0/0    18:34   3:50   0:45 
Cody Hodgson             0  1  1   1  0   2  0  1  3  0  3/7    14:48   2:07   0:00 
James Wright             2  0  2   3  0   3  1  2  1  1  1/2    15:11   0:00   4:54 
Jared Cowen              0  1  1   1  0   1  0  0  1  0  0/0    12:12   0:00   0:00 
Kyle Brodziak            0  0  0   1  0   2  1  0  1  0  5/9    11:07   0:00   1:07 
Mason Raymond            1  0  1   1  0   2  0  0  1  1  0/0    10:39   0:00   0:00 
Michael Grabner          0  1  1   1  0   0  1  0  3  0  1/1    15:54   3:50   0:00 
Niklas Hjalmarsson       1  0  1   2  0   4  1  4  0  1  0/0    20:28   1:53   2:55 
Pavel Datsyuk            0  0  0   0  0   3  1  1  3  0  10/16  17:32   3:50   0:00 
Ryan White               0  0  0   1  0   0  1  0  0  0  0/0    11:27   0:00   0:48 
Ryane Clowe              0  0  0   1  2   3  3  0  1  0  0/0    14:47   2:07   0:00 
Victor Hedman            0  0  0   2  2   1  3  4  1  2  0/0    26:01   4:04   2:07 
Willie Mitchell          0  0  0   1  2   1  1  1  0  0  0/0    15:41   0:00   2:10 
Zack Kassian             0  1  1   1  0   1  2  0  3  0  0/0     9:53   0:00   0:00 

3 Stars

1 - James Wright (Van)
2 - Ben Bishop (Van)
3 - Niklas Hjalmarsson (Van)

Power Play

Capitals - 1 on 4 Attempt(s) - 25.00%
Canucks - 0 on 3 Attempt(s) - 0.00%

Penalty Kill

Capitals - 3 on 3 Attempt(s) - 100.00% - Score 0 goal in Penalty Kill
Canucks - 3 on 4 Attempt(s) - 75.00% - Score 2 goal in Penalty Kill

Official

Referees : Unknown
Linesman : Unknown

Game Notes

John Muse enters game at 7:39 of 2nd period

Finance

Level 1 -- Attendance: 3845 (64.08%) -- Ticket Income $384,500
Level 2 -- Attendance: 3826 (76.52%) -- Ticket Income $229,560
Level 3 -- Attendance: 1629 (81.45%) -- Ticket Income $57,015
Level 4 -- Attendance: 3434 (85.85%) -- Ticket Income $68,680
Luxury Box -- Attendance: 659 (65.90%) -- Ticket Income $131,800
Game was played at the Rogers Place
Total Attendance: 13393 (74.41%)
Total Ticket Income: $871,555
Other Income: $427,062
Total Income: $1,298,617

Capitals

5 vs 5 Forward 
   Center                   Left Wing                Right Wing               Time % Phy DF OF 
 1 Cory Emmerton            Stefan Matteau           Linus Omark              35     1   2  2  
 2 Brett Sutter             Matt Beleskey            Tim Jackman              30     1   2  2  
 3 Travis Zajac             Adam Henrique            Mark Scheifele           22     1   2  2  
 4 Luke Adam                Justin Florek            Adam Henrique            13     1   2  2  

5 vs 5 Defense 
   Defense                  Defense                                           Time % Phy DF OF 
 1 James Wisniewski         Lubomir Visnovsky                                 35     1   2  2  
 2 Keaton Ellerby           Eric Gelinas                                      30     1   2  2  
 3 Steve Oleksy             Alexander Urbom                                   25     1   2  2  
 4 Brandon Burlon           James Wisniewski                                  10     1   2  2  

PowerPlay Forward 
   Center                   Left Wing                Right Wing               Time % Phy DF OF 
 1 Travis Zajac             Adam Henrique            Mark Scheifele           60     1   2  2  
 2 Cory Emmerton            Matt Beleskey            Tim Jackman              40     1   2  2  

PowerPlay Defense
   Defense                  Defense                                           Time % Phy DF OF 
 1 James Wisniewski         Lubomir Visnovsky                                 60     1   2  2  
 2 Keaton Ellerby           Eric Gelinas                                      40     1   2  2  

Penalty Kill 4 Players Forward 
   Center                   Wing                     Time % Phy DF OF 
 1 Travis Zajac             Adam Henrique            60     1   2  2  
 2 Mark Scheifele           Matt Beleskey            40     1   2  2  

Penalty Kill 4 Players Defense
   Defense                  Defense                  Time % Phy DF OF 
 1 James Wisniewski         Lubomir Visnovsky        60     1   2  2  
 2 Keaton Ellerby           Eric Gelinas             40     1   2  2  

Penalty Kill - 3 Players Forward 
   Forward                                           Time % Phy DF OF 
 1 Travis Zajac                                      60     1   2  2  
 2 Adam Henrique                                     40     1   2  2  

Penalty Kill - 3 Players Defense
   Defense                  Defense                  Time % Phy DF OF 
 1 James Wisniewski         Lubomir Visnovsky        60     1   2  2  
 2 Keaton Ellerby           Eric Gelinas             40     1   2  2  

4 vs 4 Forward 
   Center                   Wing                     Time % Phy DF OF 
 1 Cory Emmerton            Justin Florek            60     1   2  2  
 2 Travis Zajac             Adam Henrique            40     1   2  2  

4 vs 4 Defense
   Defense                  Defense                  Time % Phy DF OF 
 1 James Wisniewski         Lubomir Visnovsky        60     1   2  2  
 2 Keaton Ellerby           Eric Gelinas             40     1   2  2  

Last Minutes Offensive
   Center                   Left Wing                Right Wing               Defense                  Defense                  
   Travis Zajac             Adam Henrique            Mark Scheifele           James Wisniewski         Lubomir Visnovsky        

Last Minutes Defensive
   Center                   Left Wing                Right Wing               Defense                  Defense                  
   Travis Zajac             Adam Henrique            Mark Scheifele           James Wisniewski         Lubomir Visnovsky        

Goaltenders
Starting : Pekka Rinne              
Backup : John Muse                

Extra Forwards
Normal : Cory Emmerton, Linus Omark, Justin Florek - PP : Cory Emmerton, Linus Omark - PK : Justin Florek
Extra Defensemen
Normal : Steve Oleksy, Alexander Urbom, Brandon Burlon - PP : Steve Oleksy - PK : Alexander Urbom, Brandon Burlon
Penalty Shots
Travis Zajac, Adam Henrique, Mark Scheifele, Matt Beleskey, Justin Florek

Canucks

5 vs 5 Forward 
   Center                   Left Wing                Right Wing               Time % Phy DF OF 
 1 Pavel Datsyuk            Clarke MacArthur         Brendan Gallagher        35     1   2  2  
 2 Cody Hodgson             Ryane Clowe              Michael Grabner          30     1   2  2  
 3 Boyd Gordon              Mason Raymond            Ryan White               22     1   2  2  
 4 Kyle Brodziak            James Wright             Zack Kassian             13     1   2  2  

5 vs 5 Defense 
   Defense                  Defense                                           Time % Phy DF OF 
 1 Andrei Markov            Victor Hedman                                     35     1   2  2  
 2 Niklas Hjalmarsson       Christopher Tanev                                 30     1   2  2  
 3 Jared Cowen              Willie Mitchell                                   22     1   2  2  
 4 Andrei Markov            Victor Hedman                                     13     1   2  2  

PowerPlay Forward 
   Center                   Left Wing                Right Wing               Time % Phy DF OF 
 1 Pavel Datsyuk            Clarke MacArthur         Michael Grabner          60     1   2  2  
 2 Cody Hodgson             Ryane Clowe              Brendan Gallagher        40     1   2  2  

PowerPlay Defense
   Defense                  Defense                                           Time % Phy DF OF 
 1 Andrei Markov            Victor Hedman                                     60     1   2  2  
 2 Niklas Hjalmarsson       Christopher Tanev                                 40     1   2  2  

Penalty Kill 4 Players Forward 
   Center                   Wing                     Time % Phy DF OF 
 1 Boyd Gordon              James Wright             60     1   2  2  
 2 Kyle Brodziak            Ryan White               40     1   2  2  

Penalty Kill 4 Players Defense
   Defense                  Defense                  Time % Phy DF OF 
 1 Andrei Markov            Victor Hedman            60     1   2  2  
 2 Niklas Hjalmarsson       Christopher Tanev        40     1   2  2  

Penalty Kill - 3 Players Forward 
   Forward                                           Time % Phy DF OF 
 1 Boyd Gordon                                       60     1   2  2  
 2 Kyle Brodziak                                     40     1   2  2  

Penalty Kill - 3 Players Defense
   Defense                  Defense                  Time % Phy DF OF 
 1 Andrei Markov            Victor Hedman            60     1   2  2  
 2 Niklas Hjalmarsson       Christopher Tanev        40     1   2  2  

4 vs 4 Forward 
   Center                   Wing                     Time % Phy DF OF 
 1 Pavel Datsyuk            Clarke MacArthur         60     1   2  2  
 2 Cody Hodgson             Ryane Clowe              40     1   2  2  

4 vs 4 Defense
   Defense                  Defense                  Time % Phy DF OF 
 1 Andrei Markov            Victor Hedman            60     1   2  2  
 2 Niklas Hjalmarsson       Christopher Tanev        40     1   2  2  

Last Minutes Offensive
   Center                   Left Wing                Right Wing               Defense                  Defense                  
   Pavel Datsyuk            Ryane Clowe              Brendan Gallagher        Andrei Markov            Victor Hedman            

Last Minutes Defensive
   Center                   Left Wing                Right Wing               Defense                  Defense                  
   Boyd Gordon              James Wright             Kyle Brodziak            Andrei Markov            Victor Hedman            

Goaltenders
Starting : Ben Bishop               
Backup : Jake Allen               

Extra Forwards
Normal : Mason Raymond, Brendan Gallagher, Pavel Datsyuk - PP : Mason Raymond, Brendan Gallagher - PK : James Wright
Extra Defensemen
Normal : Jared Cowen, Willie Mitchell, Niklas Hjalmarsson - PP : Jared Cowen - PK : Willie Mitchell, Niklas Hjalmarsson
Penalty Shots
Pavel Datsyuk, Mason Raymond, Michael Grabner, Cody Hodgson, Kyle Brodziak

% Time on Ice - Capitals

Lines # - Real PCT - Wanted PCT - Time Play
Normal Forward
1 - 31% - 35% - 14:47
2 - 31% - 30% - 14:37
3 - 22% - 22% - 10:24
4 - 16% - 13% - 7:48
Normal Defense
1 - 29% - 35% - 13:51
2 - 32% - 30% - 15:12
3 - 29% - 25% - 13:46
4 - 10% - 10% - 4:47
PP Forward
1 - 51% - 60% - 3:16
2 - 49% - 40% - 3:11
PP Defense
1 - 63% - 60% - 4:03
2 - 37% - 40% - 2:24
PK Forward
1 - 82% - 60% - 4:53
2 - 18% - 40% - 1:04
PK Defense
1 - 64% - 60% - 3:47
2 - 36% - 40% - 2:10
PK3 Forward
1 - 0% - 60%
2 - 0% - 40%
PK3 Defense
1 - 0% - 60%
2 - 0% - 40%
44 Forward
1 - 0% - 60%
2 - 0% - 40%
44 Defense
1 - 0% - 60%
2 - 0% - 40%
Last Minute Offensive  - 0:00
Last Minute Defensive  - 0:00
Total
Forward - 60:00
Defense - 60:00

% Time on Ice - Canucks

Lines # - Real PCT - Wanted PCT - Time Play
Normal Forward
1 - 30% - 35% - 14:23
2 - 27% - 30% - 12:41
3 - 22% - 22% - 10:39
4 - 21% - 13% - 9:53
Normal Defense
1 - 34% - 35% - 16:11
2 - 33% - 30% - 15:40
3 - 26% - 22% - 12:12
4 - 7% - 13% - 3:33
PP Forward
1 - 64% - 60% - 3:50
2 - 36% - 40% - 2:07
PP Defense
1 - 68% - 60% - 4:04
2 - 32% - 40% - 1:53
PK Forward
1 - 88% - 60% - 5:39
2 - 12% - 40% - 0:48
PK Defense
1 - 55% - 60% - 3:32
2 - 45% - 40% - 2:55
PK3 Forward
1 - 0% - 60%
2 - 0% - 40%
PK3 Defense
1 - 0% - 60%
2 - 0% - 40%
44 Forward
1 - 0% - 60%
2 - 0% - 40%
44 Defense
1 - 0% - 60%
2 - 0% - 40%
Last Minute Offensive  - 0:00
Last Minute Defensive  - 0:00
Total
Forward - 60:00
Defense - 60:00

Play by Play

1st period


0:01 of 1st period - Cory Emmerton wins face-off versus Pavel Datsyuk in neutral zone.
0:08 of 1st period - Slapshot by Lubomir Visnovsky.
0:08 of 1st period - Shot Blocked by Victor Hedman.
0:22 of 1st period - Slapshot by Lubomir Visnovsky.
0:22 of 1st period - Shot Misses the Net.
0:36 of 1st period - Slapshot by Clarke MacArthur.
0:36 of 1st period - Shot Blocked by James Wisniewski.
0:38 of 1st period - Snap shot by Brendan Gallagher.
0:38 of 1st period - Shot Misses the Net.
0:54 of 1st period - James Wisniewski is hit by Ryane Clowe.
0:58 of 1st period - Cody Hodgson is hit by Tim Jackman and loses puck.
1:07 of 1st period - Slapshot by Eric Gelinas.
1:07 of 1st period - Shot Misses the Net.
1:19 of 1st period - Eric Gelinas is hit by Ryane Clowe and loses puck.
1:51 of 1st period - Adam Henrique is hit by Ryan White.
2:08 of 1st period - Keaton Ellerby is hit by Victor Hedman and loses puck.
2:27 of 1st period - Wrist shot by James Wright.
2:27 of 1st period - Goal by James Wright - Capitals : 0 - Canucks : 1.
2:28 of 1st period - Pavel Datsyuk wins face-off versus Cory Emmerton in neutral zone.
2:44 of 1st period - Snap shot by Cory Emmerton.
2:44 of 1st period - Stopped by Ben Bishop with a rebound.
3:00 of 1st period - Snap shot by Cory Emmerton.
3:00 of 1st period - Stopped by Ben Bishop with a rebound.
3:02 of 1st period - Slapshot by Alexander Urbom.
3:02 of 1st period - Stopped by Ben Bishop with a rebound.
3:29 of 1st period - Icing by Tim Jackman.
3:30 of 1st period - Brett Sutter wins face-off versus Cody Hodgson in Capitals zone.
3:43 of 1st period - Backhand shot by Matt Beleskey.
3:43 of 1st period - Stopped by Ben Bishop without a rebound.
3:44 of 1st period - Kyle Brodziak wins face-off versus Luke Adam in Canucks zone.
3:44 of 1st period - Kyle Brodziak is hit by Luke Adam.
3:50 of 1st period - Adam Henrique is hit by Zack Kassian and loses puck.
3:59 of 1st period - Wrist shot by James Wright.
3:59 of 1st period - Stopped by Pekka Rinne without a rebound.
4:00 of 1st period - Boyd Gordon wins face-off versus Cory Emmerton in Capitals zone.
4:14 of 1st period - Minor Penalty to James Wisniewski for Hooking.
4:15 of 1st period - Adam Henrique wins face-off versus Pavel Datsyuk in Capitals zone.
4:25 of 1st period - Alexander Urbom is hit by Clarke MacArthur and loses puck.
4:30 of 1st period - Slapshot by Pavel Datsyuk.
4:30 of 1st period - Stopped by Pekka Rinne with a rebound.
5:15 of 1st period - Snap shot by Ryane Clowe.
5:15 of 1st period - Stopped by Pekka Rinne without a rebound.
5:16 of 1st period - Cody Hodgson wins face-off versus Mark Scheifele in Capitals zone.
5:17 of 1st period - Wrist shot by Brendan Gallagher.
5:17 of 1st period - Deflect By Cody Hodgson.
5:17 of 1st period - Stopped by Pekka Rinne with a rebound.
5:19 of 1st period - Wrist shot by Christopher Tanev.
5:19 of 1st period - Shot Blocked by Eric Gelinas.
5:21 of 1st period - Slapshot by Christopher Tanev.
5:21 of 1st period - Shot Misses the Net.
5:23 of 1st period - Slapshot by Niklas Hjalmarsson.
5:23 of 1st period - Stopped by Pekka Rinne without a rebound.
5:24 of 1st period - Pavel Datsyuk wins face-off versus Travis Zajac in Capitals zone.
6:03 of 1st period - Ryane Clowe is hit by Eric Gelinas and loses puck.
6:10 of 1st period - Cody Hodgson is hit by Matt Beleskey and loses puck.
6:14 of 1st period - Penalty to James Wisniewski is over, James Wisniewski is back on ice.
6:19 of 1st period - James Wisniewski is hit by Brendan Gallagher and loses puck.
6:40 of 1st period - Victor Hedman is hit by Mark Scheifele and loses puck.
7:01 of 1st period - Slapshot by Mason Raymond.
7:01 of 1st period - Goal by Mason Raymond - Capitals : 0 - Canucks : 2.
7:02 of 1st period - Kyle Brodziak wins face-off versus Cory Emmerton in neutral zone.
7:30 of 1st period - Alexander Urbom is hit by Zack Kassian and loses puck.
7:41 of 1st period - Steve Oleksy is hit by Kyle Brodziak and loses puck.
8:07 of 1st period - Slapshot by James Wisniewski.
8:07 of 1st period - Shot Blocked by Pavel Datsyuk.
8:09 of 1st period - Slapshot by Lubomir Visnovsky.
8:09 of 1st period - Stopped by Ben Bishop with a rebound.
8:11 of 1st period - Wrist shot by Adam Henrique.
8:11 of 1st period - Shot Blocked by Andrei Markov.
8:13 of 1st period - Slapshot by Lubomir Visnovsky.
8:13 of 1st period - Shot Misses the Net.
8:25 of 1st period - Slapshot by James Wisniewski.
8:25 of 1st period - Deflect By Luke Adam.
8:25 of 1st period - Shot Misses the Net.
8:25 of 1st period - Puck is out of play.
8:26 of 1st period - Michael Grabner wins face-off versus Brett Sutter in Canucks zone.
8:26 of 1st period - Michael Grabner is hit by Tim Jackman.
8:38 of 1st period - Snap shot by Ryane Clowe.
8:38 of 1st period - Stopped by Pekka Rinne with a rebound.
8:57 of 1st period - Minor Penalty to Tim Jackman for Holding.
8:58 of 1st period - Pavel Datsyuk wins face-off versus Travis Zajac in Capitals zone.
9:02 of 1st period - Backhand shot by Pavel Datsyuk.
9:02 of 1st period - Stopped by Pekka Rinne with a rebound.
10:11 of 1st period - Slapshot by Mark Scheifele.
10:11 of 1st period - Shot Misses the Net.
10:13 of 1st period - Snap shot by James Wisniewski.
10:13 of 1st period - Shot Blocked by Victor Hedman.
10:15 of 1st period - Slapshot by Matt Beleskey.
10:15 of 1st period - Deflect By Andrei Markov.
10:15 of 1st period - Shot Misses the Net.
10:15 of 1st period - Puck is out of play.
10:16 of 1st period - Travis Zajac wins face-off versus Pavel Datsyuk in Canucks zone.
10:25 of 1st period - Snap shot by James Wisniewski.
10:25 of 1st period - Stopped by Ben Bishop with a rebound.
10:57 of 1st period - Penalty to Tim Jackman is over, Tim Jackman is back on ice.
11:13 of 1st period - Snap shot by Mason Raymond.
11:13 of 1st period - Shot Misses the Net.
11:15 of 1st period - Slapshot by Boyd Gordon.
11:15 of 1st period - Shot Blocked by Stefan Matteau.
11:17 of 1st period - Snap shot by Christopher Tanev.
11:17 of 1st period - Stopped by Pekka Rinne with a rebound.
11:19 of 1st period - Slapshot by Christopher Tanev.
11:19 of 1st period - Shot Misses the Net.
11:21 of 1st period - Snap shot by Niklas Hjalmarsson.
11:21 of 1st period - Shot Blocked by Eric Gelinas.
11:23 of 1st period - Slapshot by Niklas Hjalmarsson.
11:23 of 1st period - Stopped by Pekka Rinne with a rebound.
11:25 of 1st period - Wrist shot by Christopher Tanev.
11:25 of 1st period - Shot Blocked by Keaton Ellerby.
11:27 of 1st period - Slapshot by Mason Raymond.
11:27 of 1st period - Shot Blocked by Linus Omark.
11:35 of 1st period - Christopher Tanev is hit by Stefan Matteau and loses puck.
11:50 of 1st period - Snap shot by Zack Kassian.
11:50 of 1st period - Stopped by Pekka Rinne without a rebound.
11:51 of 1st period - Kyle Brodziak wins face-off versus Brett Sutter in Capitals zone.
13:03 of 1st period - Wrist shot by Ryane Clowe.
13:03 of 1st period - Stopped by Pekka Rinne with a rebound.
13:05 of 1st period - Wrist shot by Christopher Tanev.
13:05 of 1st period - Shot Blocked by Adam Henrique.
13:09 of 1st period - Snap shot by Ryane Clowe.
13:09 of 1st period - Shot Blocked by Justin Florek.
14:00 of 1st period - Minor Penalty to Victor Hedman for Holding.
14:01 of 1st period - Cory Emmerton wins face-off versus Boyd Gordon in Canucks zone.
14:03 of 1st period - Slapshot by Tim Jackman.
14:03 of 1st period - Shot Misses the Net.
15:04 of 1st period - Boyd Gordon is hit by Matt Beleskey and loses puck.
16:00 of 1st period - Penalty to Victor Hedman is over, Victor Hedman is back on ice.
16:37 of 1st period - Steve Oleksy is hit by Michael Grabner.
16:59 of 1st period - Slapshot by Linus Omark.
16:59 of 1st period - Stopped by Ben Bishop without a rebound.
17:00 of 1st period - Pavel Datsyuk wins face-off versus Cory Emmerton in Canucks zone.
17:49 of 1st period - Snap shot by Adam Henrique.
17:49 of 1st period - Stopped by Ben Bishop with a rebound.
17:52 of 1st period - Icing by Pavel Datsyuk.
17:53 of 1st period - Travis Zajac wins face-off versus Brendan Gallagher in Canucks zone.
18:22 of 1st period - Wrist shot by Cody Hodgson.
18:22 of 1st period - Shot Misses the Net.
18:24 of 1st period - Slapshot by Christopher Tanev.
18:24 of 1st period - Goal by Christopher Tanev - Capitals : 0 - Canucks : 3.
18:25 of 1st period - Travis Zajac wins face-off versus Cody Hodgson in neutral zone.
18:28 of 1st period - Cody Hodgson is hit by Adam Henrique and loses puck.
18:42 of 1st period - Snap shot by Adam Henrique.
18:42 of 1st period - Stopped by Ben Bishop with a rebound.
18:44 of 1st period - Snap shot by Adam Henrique.
18:44 of 1st period - Deflect By Mark Scheifele.
18:44 of 1st period - Shot Misses the Net.
18:44 of 1st period - Puck is out of play.
18:45 of 1st period - Travis Zajac wins face-off versus Cody Hodgson in Canucks zone.
19:06 of 1st period - Snap shot by Cody Hodgson.
19:06 of 1st period - Stopped by Pekka Rinne with a rebound.
19:12 of 1st period - Slapshot by Andrei Markov.
19:12 of 1st period - Shot Misses the Net.
19:35 of 1st period - Wrist shot by Mason Raymond.
19:35 of 1st period - Shot Blocked by Matt Beleskey.
19:37 of 1st period - Slapshot by Niklas Hjalmarsson.
19:37 of 1st period - Stopped by Pekka Rinne with a rebound.
19:39 of 1st period - Slapshot by Christopher Tanev.
19:39 of 1st period - Shot Blocked by Lubomir Visnovsky.
19:41 of 1st period - Slapshot by Niklas Hjalmarsson.
19:41 of 1st period - Shot Blocked by Tim Jackman.
Goals for this period are 0 for Capitals vs 3 for Canucks.
Shots for this period are 9 for Capitals vs 16 for Canucks.

2nd period


0:01 of 2nd period - Travis Zajac wins face-off versus Pavel Datsyuk in neutral zone.
0:12 of 2nd period - Snap shot by Adam Henrique.
0:12 of 2nd period - Shot Blocked by Andrei Markov.
0:14 of 2nd period - Snap shot by Travis Zajac.
0:14 of 2nd period - Shot Misses the Net.
0:16 of 2nd period - Slapshot by Travis Zajac.
0:16 of 2nd period - Stopped by Ben Bishop without a rebound.
0:17 of 2nd period - Pavel Datsyuk wins face-off versus Travis Zajac in Canucks zone.
0:36 of 2nd period - Wrist shot by Adam Henrique.
0:36 of 2nd period - Stopped by Ben Bishop with a rebound.
0:44 of 2nd period - Wrist shot by Travis Zajac.
0:44 of 2nd period - Shot Blocked by Victor Hedman.
0:46 of 2nd period - Wrist shot by Adam Henrique.
0:46 of 2nd period - Shot Misses the Net.
1:04 of 2nd period - Ryane Clowe is hit by Linus Omark and loses puck.
1:10 of 2nd period - Minor Penalty to Ryane Clowe for Roughing.
1:11 of 2nd period - Boyd Gordon wins face-off versus Matt Beleskey in Canucks zone.
1:11 of 2nd period - Boyd Gordon is hit by Matt Beleskey.
1:24 of 2nd period - Slapshot by Lubomir Visnovsky.
1:24 of 2nd period - Shot Blocked by Niklas Hjalmarsson.
1:40 of 2nd period - Slapshot by Lubomir Visnovsky.
1:40 of 2nd period - Goal by Lubomir Visnovsky - Capitals : 1 - Canucks : 3.
1:41 of 2nd period - Pavel Datsyuk wins face-off versus Adam Henrique in neutral zone.
2:32 of 2nd period - Slapshot by Linus Omark.
2:32 of 2nd period - Stopped by Ben Bishop with a rebound.
3:31 of 2nd period - Snap shot by Mason Raymond.
3:31 of 2nd period - Deflect By Matt Beleskey.
3:31 of 2nd period - Shot Misses the Net.
3:31 of 2nd period - Puck is out of play.
3:32 of 2nd period - Boyd Gordon wins face-off versus Luke Adam in Capitals zone.
3:47 of 2nd period - Wrist shot by Mason Raymond.
3:47 of 2nd period - Stopped by Pekka Rinne with a rebound.
3:58 of 2nd period - Snap shot by Justin Florek.
3:58 of 2nd period - Shot Blocked by Niklas Hjalmarsson.
4:00 of 2nd period - Slapshot by Adam Henrique.
4:00 of 2nd period - Stopped by Ben Bishop without a rebound.
4:01 of 2nd period - Brett Sutter wins face-off versus Kyle Brodziak in Canucks zone.
4:12 of 2nd period - Slapshot by James Wisniewski.
4:12 of 2nd period - Shot Blocked by James Wright.
4:14 of 2nd period - Slapshot by Lubomir Visnovsky.
4:14 of 2nd period - Stopped by Ben Bishop without a rebound.
4:15 of 2nd period - Brett Sutter wins face-off versus Kyle Brodziak in Canucks zone.
4:28 of 2nd period - Slapshot by James Wisniewski.
4:28 of 2nd period - Shot Misses the Net.
4:30 of 2nd period - Slapshot by Lubomir Visnovsky.
4:30 of 2nd period - Stopped by Ben Bishop with a rebound.
4:32 of 2nd period - Wrist shot by Brett Sutter.
4:32 of 2nd period - Shot Blocked by Andrei Markov.
4:34 of 2nd period - Slapshot by James Wisniewski.
4:34 of 2nd period - Shot Misses the Net.
4:36 of 2nd period - Slapshot by James Wisniewski.
4:36 of 2nd period - Deflect By Matt Beleskey.
4:36 of 2nd period - Stopped by Ben Bishop without a rebound.
4:37 of 2nd period - Pavel Datsyuk wins face-off versus Cory Emmerton in Canucks zone.
6:39 of 2nd period - Slapshot by Adam Henrique.
6:39 of 2nd period - Shot Misses the Net.
6:41 of 2nd period - Slapshot by James Wisniewski.
6:41 of 2nd period - Shot Blocked by Andrei Markov.
6:43 of 2nd period - Slapshot by James Wisniewski.
6:43 of 2nd period - Stopped by Ben Bishop with a rebound.
6:45 of 2nd period - Snap shot by Adam Henrique.
6:45 of 2nd period - Stopped by Ben Bishop with a rebound.
7:08 of 2nd period - Zack Kassian is hit by Tim Jackman.
7:25 of 2nd period - Slapshot by Steve Oleksy.
7:25 of 2nd period - Stopped by Ben Bishop with a rebound.
7:31 of 2nd period - Minor Penalty to Willie Mitchell for Interference.
7:32 of 2nd period - Travis Zajac wins face-off versus Boyd Gordon in Canucks zone.
7:33 of 2nd period - Wrist shot by James Wisniewski.
7:33 of 2nd period - Stopped by Ben Bishop without a rebound.
7:34 of 2nd period - Boyd Gordon wins face-off versus Travis Zajac in Canucks zone.
7:39 of 2nd period - Slapshot by Niklas Hjalmarsson.
7:39 of 2nd period - Goal by Niklas Hjalmarsson - Capitals : 1 - Canucks : 4.
7:39 of 2nd period - John Muse enters game.
7:40 of 2nd period - Boyd Gordon wins face-off versus Travis Zajac in neutral zone.
8:05 of 2nd period - Snap shot by Lubomir Visnovsky.
8:05 of 2nd period - Shot Misses the Net.
8:16 of 2nd period - Snap shot by James Wright.
8:16 of 2nd period - Goal by James Wright - Capitals : 1 - Canucks : 5.
8:17 of 2nd period - Cory Emmerton wins face-off versus Boyd Gordon in neutral zone.
8:34 of 2nd period - Slapshot by James Wisniewski.
8:34 of 2nd period - Shot Blocked by James Wright.
8:38 of 2nd period - Slapshot by Lubomir Visnovsky.
8:38 of 2nd period - Deflect By Matt Beleskey.
8:38 of 2nd period - Stopped by Ben Bishop with a rebound.
8:40 of 2nd period - Snap shot by Lubomir Visnovsky.
8:40 of 2nd period - Shot Misses the Net.
8:42 of 2nd period - Slapshot by Lubomir Visnovsky.
8:42 of 2nd period - Deflect By Matt Beleskey.
8:42 of 2nd period - Stopped by Ben Bishop with a rebound.
8:44 of 2nd period - Slapshot by Lubomir Visnovsky.
8:44 of 2nd period - Shot Misses the Net.
8:46 of 2nd period - Wrist shot by Tim Jackman.
8:46 of 2nd period - Shot Hit the Post.
8:48 of 2nd period - Slapshot by Tim Jackman.
8:48 of 2nd period - Stopped by Ben Bishop without a rebound.
8:49 of 2nd period - Boyd Gordon wins face-off versus Travis Zajac in Canucks zone.
9:15 of 2nd period - Wrist shot by Travis Zajac.
9:15 of 2nd period - Shot Misses the Net.
9:17 of 2nd period - Snap shot by Travis Zajac.
9:17 of 2nd period - Deflect By Adam Henrique.
9:17 of 2nd period - Shot Blocked by Niklas Hjalmarsson.
9:17 of 2nd period - Puck is out of play.
9:18 of 2nd period - Kyle Brodziak wins face-off versus Cory Emmerton in Canucks zone.
9:31 of 2nd period - Penalty to Willie Mitchell is over, Willie Mitchell is back on ice.
9:36 of 2nd period - Icing by James Wright.
9:37 of 2nd period - Cory Emmerton wins face-off versus Boyd Gordon in Canucks zone.
10:05 of 2nd period - Icing by Cory Emmerton.
10:06 of 2nd period - Brendan Gallagher wins face-off versus Cory Emmerton in Capitals zone.
10:15 of 2nd period - Snap shot by Pavel Datsyuk.
10:15 of 2nd period - Stopped by John Muse without a rebound.
10:16 of 2nd period - Travis Zajac wins face-off versus Cody Hodgson in Capitals zone.
10:16 of 2nd period - Travis Zajac is hit by Niklas Hjalmarsson.
11:43 of 2nd period - Wrist shot by Alexander Urbom.
11:43 of 2nd period - Stopped by Ben Bishop without a rebound.
11:44 of 2nd period - Brett Sutter wins face-off versus Boyd Gordon in Canucks zone.
11:59 of 2nd period - Snap shot by Ryan White.
11:59 of 2nd period - Shot Misses the Net.
12:01 of 2nd period - Slapshot by Willie Mitchell.
12:01 of 2nd period - Shot Blocked by Alexander Urbom.
12:38 of 2nd period - Slapshot by Andrei Markov.
12:38 of 2nd period - Stopped by John Muse without a rebound.
12:39 of 2nd period - Cory Emmerton wins face-off versus Kyle Brodziak in Capitals zone.
12:57 of 2nd period - James Wright is hit by Linus Omark and loses puck.
13:06 of 2nd period - Snap shot by Cory Emmerton.
13:06 of 2nd period - Shot Misses the Net.
13:20 of 2nd period - Icing by Adam Henrique.
13:21 of 2nd period - Mark Scheifele wins face-off versus Pavel Datsyuk in Capitals zone.
13:26 of 2nd period - Jared Cowen is hit by James Wisniewski and loses puck.
15:52 of 2nd period - Willie Mitchell is hit by Luke Adam and loses puck.
16:30 of 2nd period - James Wisniewski is hit by Pavel Datsyuk and loses puck.
16:43 of 2nd period - Snap shot by Pavel Datsyuk.
16:43 of 2nd period - Shot Blocked by Lubomir Visnovsky.
17:30 of 2nd period - Linus Omark is hit by Willie Mitchell and loses puck.
18:17 of 2nd period - Wrist shot by Mason Raymond.
18:17 of 2nd period - Shot Misses the Net.
18:54 of 2nd period - Slapshot by James Wisniewski.
18:54 of 2nd period - Stopped by Ben Bishop without a rebound.
18:55 of 2nd period - Tim Jackman wins face-off versus James Wright in Canucks zone.
18:56 of 2nd period - Snap shot by Matt Beleskey.
18:56 of 2nd period - Shot Blocked by Andrei Markov.
19:13 of 2nd period - Minor Penalty to Matt Beleskey for Interference.
19:14 of 2nd period - Pavel Datsyuk wins face-off versus Travis Zajac in Capitals zone.
19:56 of 2nd period - James Wisniewski is hit by Ryane Clowe and loses puck.
Goals for this period are 1 for Capitals vs 2 for Canucks.
Shots for this period are 17 for Capitals vs 5 for Canucks.

3rd period


0:01 of 3rd period - Pavel Datsyuk wins face-off versus Travis Zajac in neutral zone.
0:08 of 3rd period - Snap shot by Clarke MacArthur.
0:08 of 3rd period - Stopped by John Muse without a rebound.
0:09 of 3rd period - Travis Zajac wins face-off versus Pavel Datsyuk in Capitals zone.
1:02 of 3rd period - Lubomir Visnovsky is hit by Victor Hedman and loses puck.
1:13 of 3rd period - Penalty to Matt Beleskey is over, Matt Beleskey is back on ice.
1:31 of 3rd period - Snap shot by Alexander Urbom.
1:31 of 3rd period - Shot Blocked by Cody Hodgson.
1:33 of 3rd period - Slapshot by Steve Oleksy.
1:33 of 3rd period - Shot Blocked by Andrei Markov.
1:35 of 3rd period - Wrist shot by Cory Emmerton.
1:35 of 3rd period - Shot Blocked by Victor Hedman.
1:37 of 3rd period - Snap shot by Steve Oleksy.
1:37 of 3rd period - Stopped by Ben Bishop without a rebound.
1:38 of 3rd period - Boyd Gordon wins face-off versus Brett Sutter in Canucks zone.
2:29 of 3rd period - Niklas Hjalmarsson is hit by Steve Oleksy and loses puck.
2:36 of 3rd period - Snap shot by Kyle Brodziak.
2:36 of 3rd period - Stopped by John Muse with a rebound.
2:50 of 3rd period - Backhand shot by Kyle Brodziak.
2:50 of 3rd period - Stopped by John Muse with a rebound.
3:32 of 3rd period - Andrei Markov is hit by James Wisniewski and loses puck.
4:07 of 3rd period - Wrist shot by Adam Henrique.
4:07 of 3rd period - Deflect By Cody Hodgson.
4:07 of 3rd period - Shot Blocked by Christopher Tanev.
4:07 of 3rd period - Puck is out of play.
4:08 of 3rd period - Boyd Gordon wins face-off versus Travis Zajac in Canucks zone.
4:19 of 3rd period - Willie Mitchell is hit by Mark Scheifele.
5:03 of 3rd period - Snap shot by Linus Omark.
5:03 of 3rd period - Stopped by Ben Bishop with a rebound.
5:05 of 3rd period - Slapshot by Cory Emmerton.
5:05 of 3rd period - Shot Blocked by Boyd Gordon.
5:07 of 3rd period - Wrist shot by James Wisniewski.
5:07 of 3rd period - Stopped by Ben Bishop with a rebound.
5:09 of 3rd period - Slapshot by Brandon Burlon.
5:09 of 3rd period - Stopped by Ben Bishop without a rebound.
5:10 of 3rd period - Cody Hodgson wins face-off versus Brett Sutter in Canucks zone.
6:20 of 3rd period - Cory Emmerton is hit by Brendan Gallagher and loses puck.
7:41 of 3rd period - Michael Grabner is hit by Steve Oleksy and loses puck.
8:28 of 3rd period - Backhand shot by Lubomir Visnovsky.
8:28 of 3rd period - Stopped by Ben Bishop with a rebound.
9:05 of 3rd period - Stefan Matteau is hit by Andrei Markov and loses puck.
9:25 of 3rd period - Niklas Hjalmarsson is hit by James Wisniewski and loses puck.
10:52 of 3rd period - Slapshot by Keaton Ellerby.
10:52 of 3rd period - Shot Blocked by Willie Mitchell.
11:08 of 3rd period - Slapshot by Mark Scheifele.
11:08 of 3rd period - Deflect By Travis Zajac.
11:08 of 3rd period - Shot Misses the Net.
11:08 of 3rd period - Puck is out of play.
11:09 of 3rd period - Pavel Datsyuk wins face-off versus Travis Zajac in Canucks zone.
11:58 of 3rd period - Slapshot by Victor Hedman.
11:58 of 3rd period - Stopped by John Muse without a rebound.
11:59 of 3rd period - Travis Zajac wins face-off versus Kyle Brodziak in Capitals zone.
11:59 of 3rd period - Travis Zajac is hit by James Wright.
12:46 of 3rd period - Wrist shot by Linus Omark.
12:46 of 3rd period - Stopped by Ben Bishop with a rebound.
12:52 of 3rd period - Minor Penalty to Andrei Markov for Tripping.
12:53 of 3rd period - James Wright wins face-off versus Travis Zajac in Canucks zone.
13:04 of 3rd period - Slapshot by Lubomir Visnovsky.
13:04 of 3rd period - Stopped by Ben Bishop without a rebound.
13:05 of 3rd period - Travis Zajac wins face-off versus Boyd Gordon in Canucks zone.
13:06 of 3rd period - Backhand shot by Adam Henrique.
13:06 of 3rd period - Stopped by Ben Bishop with a rebound.
13:08 of 3rd period - Wrist shot by Travis Zajac.
13:08 of 3rd period - Stopped by Ben Bishop with a rebound.
13:10 of 3rd period - Slapshot by Lubomir Visnovsky.
13:10 of 3rd period - Shot Blocked by Niklas Hjalmarsson.
13:12 of 3rd period - Wrist shot by Mark Scheifele.
13:12 of 3rd period - Stopped by Ben Bishop without a rebound.
13:13 of 3rd period - Boyd Gordon wins face-off versus Travis Zajac in Canucks zone.
13:13 of 3rd period - Boyd Gordon is hit by Adam Henrique.
13:41 of 3rd period - Snap shot by Lubomir Visnovsky.
13:41 of 3rd period - Stopped by Ben Bishop with a rebound.
13:47 of 3rd period - Slapshot by Lubomir Visnovsky.
13:47 of 3rd period - Shot Misses the Net.
14:52 of 3rd period - Penalty to Andrei Markov is over, Andrei Markov is back on ice.
15:22 of 3rd period - Icing by Michael Grabner.
15:23 of 3rd period - Cody Hodgson wins face-off versus Cory Emmerton in Canucks zone.
15:23 of 3rd period - Cody Hodgson is hit by Steve Oleksy.
15:52 of 3rd period - James Wisniewski is hit by Victor Hedman and loses puck.
16:19 of 3rd period - Adam Henrique is hit by Clarke MacArthur.
16:23 of 3rd period - Niklas Hjalmarsson is hit by Justin Florek and loses puck.
16:50 of 3rd period - Wrist shot by Linus Omark.
16:50 of 3rd period - Deflect By Stefan Matteau.
16:50 of 3rd period - Stopped by Ben Bishop with a rebound.
16:52 of 3rd period - Snap shot by Stefan Matteau.
16:52 of 3rd period - Stopped by Ben Bishop with a rebound.
19:29 of 3rd period - Icing by Lubomir Visnovsky.
19:30 of 3rd period - Kyle Brodziak wins face-off versus Luke Adam in Capitals zone.
19:47 of 3rd period - Wrist shot by Pavel Datsyuk.
19:47 of 3rd period - Shot Misses the Net.
19:49 of 3rd period - Slapshot by Willie Mitchell.
19:49 of 3rd period - Stopped by John Muse with a rebound.
19:51 of 3rd period - Slapshot by Willie Mitchell.
19:51 of 3rd period - Shot Misses the Net.
19:53 of 3rd period - Slapshot by Jared Cowen.
19:53 of 3rd period - Stopped by John Muse with a rebound.
19:55 of 3rd period - Wrist shot by Brendan Gallagher.
19:55 of 3rd period - Shot Misses the Net.
19:57 of 3rd period - Slapshot by Christopher Tanev.
19:57 of 3rd period - Stopped by John Muse with a rebound.
19:59 of 3rd period - Slapshot by Christopher Tanev.
19:59 of 3rd period - Shot Blocked by Justin Florek.
Goals for this period are 0 for Capitals vs 0 for Canucks.
Shots for this period are 13 for Capitals vs 7 for Canucks.


Output by the SimonT Hockey Simulator (STHS) for Eric Dolegowski -- Original Page W3C XHTML 1.0 Valid
Hockey Simulator - Hockey Simulation - Hockey Manager